 Seeded DCSS version 0.30.1-11-g7821555f0a (webtiles) character file.

Game seed: 11494843052170448552 (custom seed)

34 Nonny the Trooper (level 3, 0/51 HPs)
             Began as a Minotaur Fighter on Nov 15, 2023.
             Succumbed to a goblin's poison
             ... on level 2 of the Dungeon.
             The game lasted 00:01:55 (846 turns).

Nonny the Trooper (Minotaur Fighter)                 Turns: 846, Time: 00:01:56

Health: 0/51       AC: 21    Str: 22    XL:     3   Next: 14%
Magic:  2/2        EV:  2    Int:  5    God:
Gold:   92         SH:  4    Dex:  9    Spells: 2/2 levels left

rFire   . . .        a - +0 rapier
rCold   . . .        c - +0 buckler
rNeg    . . .        b - melded +0 scale mail
rPois   +            (helmet currently unavailable)
rElec   .            (cloak currently unavailable)
rCorr   .            (gloves currently unavailable)
SInv    .            (boots currently unavailable)
Will    .....        (no amulet)
Stlth   +            (no ring)
HPRegen 0.28/turn    (no ring)
MPRegen 0.08/turn

%: no passive effects
@: brilliant, lethally poisoned (0 -> -1), tree-form
A: stationary, stasis, torment immunity, boosted hp, (horns 2), (retaliatory
headbutt)
a: no special abilities


You were on level 2 of the Dungeon.
You were a tree.
You visited 1 branch of the dungeon, and saw 2 of its levels.

You collected 92 gold pieces.

Inventory:

Hand Weapons
 a - a +0 rapier (weapon)
Missiles
 k - 4 curare-tipped darts (quivered)
Armour
 b - a +0 scale mail (melded)
 c - a +0 buckler (worn)
Scrolls
 e - 2 scrolls of identify {unknown}
 f - a scroll of noise {unknown}
 g - a scroll of fear {unknown}
 h - a scroll of poison {unknown}
Potions
 d - a potion of might


   Skills:
 + Level 4.3 Fighting
 - Level 2.3 Short Blades
 + Level 4.2 Armour
 + Level 4.0 Shields


You had 2 spell levels left.
You didn't know any spells.
Your spell library was empty.

Dungeon Overview and Level Annotations

Branches:
Dungeon (2/15)

Altars:

Annotations:
D:2 Robin


Innate Abilities, Weirdness & Mutations

You are a tree.
Your roots penetrate the ground, keeping you stationary.
You cannot be teleported.
You are immune to unholy pain and torment.
Your maximum health is greatly increased.
Your equipment is partially melded.
((You have a pair of horns on your head.))
((You reflexively headbutt those who attack you in melee.))


Message History

The goblin barely misses you.
Robin roars a battlecry!
The goblins go into a battle-frenzy!
The goblin hits you but does no damage.
You completely miss the goblin. The goblin hits you but does no damage.
You are lethally poisoned!
You block the goblin's attack.
You hit the goblin.
You kill the goblin!
* * * LOW HITPOINT WARNING * * *
You feel very sick. You block the goblin's attack.
Unknown command.
* * * LOW HITPOINT WARNING * * *
You feel sick.
Things that are here:
a +2 dagger of venom; a goblin corpse It was a potion of brilliance.
You feel clever all of a sudden.
* * * LOW HITPOINT WARNING * * *
You feel sick. The goblin hits you but does no damage.
It was a potion of lignification.
You turn into a tree.
Your +0 scale mail melds into your body.
Your roots penetrate the ground.
* * * LOW HITPOINT WARNING * * *
You feel sick. You block the goblin's attack.
Unknown command.
You barely miss the goblin.
The goblin is moderately wounded.
* * * LOW HITPOINT WARNING * * *
You feel sick.
The goblin no longer looks unusually strong.
The goblin hits you but does no damage.
You hit the goblin.
You kill the goblin!
* * * LOW HITPOINT WARNING * * *
You feel sick. You block the goblin's attack.
You hit the goblin.
You kill the goblin!
You die...

###########
....#.....##############
........<...ggJ)♣.......
............#########.#.
.....<......#
#...........#
............#
.#.....g....#
............#
#.#.........#
....#.....#..


You could see Robin, an endoplasm and a hobgoblin (strong).

Vanquished Creatures
  A dart slug (D:1)
  4 bats (D:1)
  An endoplasm (D:1)
  10 goblins
  4 hobgoblins
  2 jackals (D:1)
  2 quokkas (D:1)
  3 ball pythons (D:1)
  A frilled lizard (D:2)
28 creatures vanquished.

Notes
Turn   | Place    | Note
-------+----------+-------------------------------------------
     0 | D:1      | Nonny the Minotaur Fighter began the quest for the Orb.
     0 | D:1      | Reached XP level 1. HP: 19/19 MP: 0/0
   249 | D:1      | Reached XP level 2. HP: 27/27 MP: 1/1
   817 | D:2      | Noticed Robin
   832 | D:2      | Reached XP level 3. HP: 15/33 MP: 2/2
   844 | D:2      | HP: 2/51 [poisoned by a goblin]
   846 | D:2      | Succumbed to a goblin's poison

Illustrated notes

Levels and vault maps discovered:
D:1:      ebering_hopf_link, layout_loops_ring, kennysheep_nondescript,
          chequers_avenue
D:2:      minmay_alternating_diamond, layout_rooms, basic_altar, hex_large,
          uniq_robin

Skill      XL: |  1  2 |
---------------+-------+-----
Fighting       | 4 |  4.3
Armour         | 4 |  4.2
Shields        | 4 |  4.0
Short Blades   | |  2.3

Action                     || total
---------------------------++-------
  Melee: Rapier            ||    73
         Headbutt          ||    12
    Use: Potion            ||     2
 Armour: Scale mail        ||    35
         Skin              ||     1
  Dodge: Dodged            ||    39
  Block: Buckler           ||    18
